 Dungeon Sprint DCSS version 0.22-a0-110-g5b255cf (webtiles) character file.

25129 theanonym the Severer (level 12, -13/132 HPs)
             Began as a Deep Dwarf Fighter on Jan 27, 2018.
             Was a High Priest of Makhleb.
             Mangled by a greater mummy (18 damage)
             ... in the Dungeon (Sprint III: "The Ten Rune Challenge").
             The game lasted 00:14:36 (1585 turns).

theanonym the Severer (Deep Dwarf Fighter)          Turns: 1585, Time: 00:14:37

Health: -13/132    AC: 10    Str: 26    XL:     12   Next: 86%
Magic:  9/9        EV:  8    Int:  8    God:    Makhleb [*****.]
Gold:   3877       SH: 14    Dex: 12    Spells: 9/11 levels left

rFire    . . .     SeeInvis .   a - +0 war axe
rCold    . . .     Gourm    .   c - +0 shield
rNeg     . . .     Faith    .   p - +0 plate armour {18}
rPois    .         Spirit   .   (no helmet)
rElec    +         Reflect  .   j - +0 cloak
rCorr    .         Harm     .   (no gloves)
MR       +....     Rnd*Rage +   (no boots) Stlth ..........NoTele +
                                (no amulet)
HPRegen  0.00/turn              s - ring of magical power {MP+9}
MPRegen  0.11/turn              (no ring)

@: lethally poisoned (-13 -> -50), corroded, non-regenerating, drained
A: damage resistance, heal wounds, hooves 1, berserk 1, deformed body, sense
surroundings 2, electricity resistance, no regeneration
a: Heal Wounds, Minor Destruction, Lesser Servant of Makhleb, Major Destruction,
Greater Servant of Makhleb, Renounce Religion


Innate Abilities, Weirdness & Mutations

You are resistant to damage.
You can heal yourself by infusing magical energy.
You passively map the area around you.
You do not regenerate.
You have large cloven feet.
You tend to lose your temper in combat.
Armour fits poorly on your strangely shaped body.
You are resistant to electric shocks. (rElec)


   Skills:
 * Level 15.3(15.1) Fighting
 - Level 18.0(17.8) Axes
 + Level 16.6(16.4) Armour
 - Level 15.2(15.0) Shields
 + Level 15.4(15.2) Invocations


You had 9 spell levels left.
You knew the following spells:

 Your Spells              Type           Power        Failure   Level  Hunger
g - Blink                 Tloc           N/A          99%         2    ###....

Skill      XL: |  1  2  3  4  5  6  7  8  9 10 11 12 |
---------------+-------------------------------------+-----
Fighting       | 3 4 5 6 7 8 10 11 13 15 | 15.3
Axes           | 3 4 6 7 10 12 13 15 17 18 | 18.0
Armour         | 4 5 6 8 9 10 12 13 15 16 | 16.6
Shields        | 4 5 6 8 9 10 12 13 15 | 15.2
Invocations    | 8 13 15 | 15.4

Action                   |  1- 3 |  4- 6 |  7- 9 | 10-12 || total
-------------------------+-------+-------+-------+-------++-------
Melee: War axe           |    17 |    16 |    77 |   286 ||   396
       Kick              |       |     3 |    32 |   108 ||   143
Invok: Lesser Servant of |       |       |       |     5 ||     5
       Greater Servant o |       |       |       |    11 ||    11
 Abil: Heal Wounds       |     1 |       |    12 |    63 ||    76
Evoke: Wand              |       |       |    10 |     1 ||    11
       Lamp of fire      |       |       |       |     4 ||     4
  Use: Scroll            |     1 |       |     1 |     3 ||     5
       Potion            |     2 |     4 |     3 |     3 ||    12
 Stab: Paralysed         |       |       |     3 |       ||     3
       Distracted        |       |       |       |     5 ||     5
  Eat: Chunk             |       |       |       |     2 ||     2
       Ration            |       |       |       |     1 ||     1
Armor: Scale mail        |     8 |     1 |     5 |       ||    14
       Plate armour      |       |       |     4 |    78 ||    82
Dodge: Dodged            |     4 |     4 |    15 |    53 ||    76
Block: Shield            |     6 |     4 |    36 |   161 ||   207

Inventory:

Hand Weapons
 a - a +0 war axe (weapon)
Armour
 c - a +0 shield (worn)
 j - a +0 cloak (worn)
   (You found it in the Dungeon)
 k - a +0 scale mail {10}
 p - a +0 plate armour (worn) {18}
   (You took it off an orc warrior in the Dungeon)
Jewellery
 s - a ring of magical power (left hand) {MP+9}
   (You found it in the Dungeon)
Wands
 d - a wand of digging (9)
   (You found it in the Dungeon)
Scrolls
 h - 3 scrolls of remove curse
 r - a scroll of identify
Potions
 i - 2 potions of magic
 l - a potion of flight
Books
 n - a book of Misfortune
   (You found it in the Dungeon)
 o - a book of Minor Magic
   (You found it in the Dungeon)
 u - a book of Ice
   (You found it in the Dungeon)
Miscellaneous
 f - a lamp of fire
   (You found it in the Dungeon)
 t - a phial of floods
   (You found it in the Dungeon)
Comestibles
 e - 5 rations You were in the Dungeon. You worshipped Makhleb. Makhleb was extremely pleased with you. You were not hungry. You visited 1 branch You collected 3877 gold pieces.

Dungeon Overview and Level Annotations

Branches:
Dungeon (1/1)

Altars:
Cheibriados
Dithmenos
Elyvilon
Fedhas
Gozag
Hepliaklqana
Kikubaaqudgha
Makhleb
Nemelex Xobeh
Okawaru
Qazlal
Ru
Sif Muna
Trog
Uskayaw
Vehumet
Wu Jian
Xom
Yredelemnul
Zin
The Shining One
Beogh
Jiyva
Lugonu

Shops:
D

( , ,
▓..#^...^^..^.....#
,≈
▓.÷#...^...^.M....# ,
,, ,
▓^.#..##########^.# *
* *
▓..#..#...M.")?#..#
*,*
▓..#..#MMMMMM:}#..# *
, *
▓..#..#MMMMz||)#..# ,
,
,▓..#2.#..MMMφ:)#M.#
* **
▓..#2s#M########..# +
▓^.#@4#^.MM....^..# ,
≈ ▓s22M4#..^M^....^.#
,* ≈ ≈
≈,▓##################
, , * * * * * , + , ,
, * * * *, * ≈ , , ,
* * ≈ ** * , , *


You could see a greater mummy, 2 emperor scorpions, a reaper, an orange demon, a
rust devil, a friendly balrug, a friendly green death and a friendly blizzard
demon.

Notes
Turn   | Place    | Note
-------+----------+-------------------------------------------
     0 | D        | theanonym the Deep Dwarf Fighter began the quest for the Orb.
     0 | D        | Reached XP level 1. HP: 20/20 MP: 1/1
    13 | D        | Reached skill level 3 in Fighting
    13 | D        | Reached skill level 3 in Axes
    17 | D        | Reached XP level 2. HP: 25/28 MP: 2/2
    30 | D        | Noticed Jessica
    37 | D        | Killed Jessica
    37 | D        | Reached skill level 4 in Axes
    37 | D        | Reached skill level 4 in Armour
    37 | D        | Reached skill level 4 in Shields
    37 | D        | Reached XP level 3. HP: 24/36 MP: 3/3
    60 | D        | Noticed a scorpion
    65 | D        | Killed a scorpion
    65 | D        | Reached skill level 4 in Fighting
    65 | D        | Reached skill level 6 in Axes
    65 | D        | Reached skill level 5 in Armour
    65 | D        | Reached skill level 5 in Shields
    65 | D        | Reached XP level 4. HP: 44/44 MP: 4/4
    95 | D        | Gained mutation: Your magical capacity is low. (-10% MP) [potion of mutation]
    95 | D        | Gained mutation: Your muscles are strong. (Str +2) [potion of mutation]
    95 | D        | Gained mutation: You have large cloven feet. [potion of mutation]
    95 | D        | Gained mutation: You possess an exceptional clarity of mind. [potion of mutation]
    96 | D        | Lost mutation: You possess an exceptional clarity of mind. [potion of mutation]
    96 | D        | Lost mutation: Your magical capacity is low. (-10% MP) [potion of mutation]
    96 | D        | Gained mutation: Armour fits poorly on your strangely shaped body. [potion of mutation]
    96 | D        | Gained mutation: You are resistant to electric shocks. (rElec) [potion of mutation]
    97 | D        | Lost mutation: Armour fits poorly on your strangely shaped body. [potion of mutation]
    97 | D        | Lost mutation: Your muscles are strong. (Str +2) [potion of mutation]
    97 | D        | Lost mutation: You have large cloven feet. [potion of mutation]
    97 | D        | Gained mutation: You are resistant to hostile enchantments. (MR+) [potion of mutation]
    97 | D        | Gained mutation: You are highly resistant to hostile enchantments. (MR++) [potion of mutation]
    98 | D        | Lost mutation: You are highly resistant to hostile enchantments. (MR++) [potion of mutation]
    98 | D        | Lost mutation: You are resistant to hostile enchantments. (MR+) [potion of mutation]
    98 | D        | Gained mutation: Armour fits poorly on your strangely shaped body. [potion of mutation]
    98 | D        | Gained mutation: You tend to lose your temper in combat. [potion of mutation]
    98 | D        | Gained mutation: You have large cloven feet. [potion of mutation]
   105 | D        | Noticed a water elemental
   107 | D        | Killed a water elemental
   107 | D        | Reached skill level 5 in Fighting
   107 | D        | Reached skill level 7 in Axes
   107 | D        | Reached skill level 6 in Armour
   107 | D        | Reached skill level 6 in Shields
   107 | D        | Reached XP level 5. HP: 52/52 MP: 3/5
   110 | D        | Found a glowing silver altar of Zin.
   111 | D        | Found a glowing golden altar of the Shining One.
   111 | D        | Found a white marble altar of Elyvilon.
   111 | D        | Noticed a deep elf mage
   122 | D        | Killed a deep elf mage
   122 | D        | Reached skill level 6 in Fighting
   122 | D        | Reached skill level 10 in Axes
   122 | D        | Reached skill level 8 in Armour
   122 | D        | Reached skill level 8 in Shields
   122 | D        | Reached XP level 6. HP: 63/63 MP: 4/6
   122 | D        | Reached XP level 7. HP: 70/70 MP: 4/7
   126 | D        | Killed a hellion
   127 | D        | Killed a hellion
   147 | D        | Killed a yaktaur
   148 | D        | Killed a yaktaur
   152 | D        | Killed a hellion
   152 | D        | Killed a hellion
   171 | D        | Killed a hellion
   177 | D        | Found a hide-covered altar of Uskayaw.
   177 | D        | Found a roughly hewn altar of Beogh.
   177 | D        | Found an iron altar of Okawaru.
   177 | D        | Found a bloodstained altar of Trog.
   177 | D        | Found an ornate altar of the Wu Jian Council.
   177 | D        | Noticed a human
   177 | D        | Noticed a human
   187 | D        | HP: 30/70 [human/dagger (8)]
   189 | D        | Killed a human
   189 | D        | Reached skill level 7 in Fighting
   189 | D        | Reached skill level 11 in Axes
   191 | D        | Killed a human
   191 | D        | Reached skill level 9 in Armour
   191 | D        | Reached skill level 9 in Shields
   196 | D        | Killed a white draconian scorcher
   227 | D        | Killed a white draconian scorcher
   305 | D        | Killed a hellion
   352 | D        | Found a radiant altar of Vehumet.
   352 | D        | Found a deep blue altar of Sif Muna.
   352 | D        | Found an ancient bone altar of Kikubaaqudgha.
   374 | D        | Learned a level 2 spell: Blink
   384 | D        | Found a basalt altar of Yredelemnul.
   384 | D        | Found a shadowy altar of Dithmenos.
   384 | D        | Found a sacrificial altar of Ru.
   388 | D        | Reached skill level 12 in Axes
   391 | D        | Reached XP level 8. HP: 78/80 MP: 5/5
   404 | D        | HP: 37/80 [acid (7)]
   417 | D        | Reached skill level 8 in Fighting
   447 | D        | Found a blossoming altar of Fedhas.
   447 | D        | Found a stormy altar of Qazlal.
   447 | D        | Found a snail-covered altar of Cheibriados.
   447 | D        | Found a burning altar of Makhleb.
   447 | D        | Found a shimmering altar of Xom.
   448 | D        | Found a hazy altar of Hepliaklqana.
   448 | D        | Found an opulent altar of Gozag.
   448 | D        | Found a sparkling altar of Nemelex Xobeh.
   448 | D        | Found a corrupted altar of Lugonu.
   448 | D        | Found a viscous altar of Jiyva.
   454 | D        | Became a worshipper of Makhleb the Destroyer
   473 | D        | Found Iwnezou's Weapon Boutique.
   473 | D        | Noticed an orc high priest
   473 | D        | Noticed an orc knight
   474 | D        | Noticed Erica
   477 | D        | Killed an orc high priest
   477 | D        | Reached * piety under Makhleb
   477 | D        | Killed an orc knight
   477 | D        | Reached ** piety under Makhleb
   477 | D        | Reached skill level 13 in Axes
   477 | D        | Reached skill level 10 in Armour
   477 | D        | Reached skill level 10 in Shields
   477 | D        | Reached *** piety under Makhleb
   477 | D        | Gained mutation: You passively map the area around you. [Deep Dwarf growth]
   477 | D        | Reached XP level 9. HP: 65/90 MP: 5/5
   477 | D        | Reached skill level 9 in Fighting
   477 | D        | Reached **** piety under Makhleb
   477 | D        | Reached skill level 14 in Axes
   477 | D        | Reached skill level 11 in Armour
   477 | D        | Reached skill level 11 in Shields
   484 | D        | HP: 36/92 [cloud of flame (16)]
   492 | D        | Killed Erica
   492 | D        | Reached skill level 15 in Axes
   504 | D        | Reached ***** piety under Makhleb
   639 | D        | Noticed a centaur warrior
   642 | D        | Reached skill level 10 in Fighting
   650 | D        | Killed a centaur warrior
   650 | D        | Reached skill level 12 in Armour
   650 | D        | Reached skill level 12 in Shields
   650 | D        | Reached XP level 10. HP: 103/103 MP: 6/6
   689 | D        | Killed an unseen horror
   689 | D        | Reached skill level 16 in Axes
   689 | D        | Reached skill level 3 in Invocations
   768 | D        | Reached skill level 4 in Invocations
   771 | D        | Noticed Harold
   771 | D        | Noticed Joseph
   777 | D        | Killed Harold
   777 | D        | Reached skill level 7 in Invocations
   788 | D        | Killed Joseph
   788 | D        | Reached skill level 11 in Fighting
   799 | D        | Noticed an orange demon
   801 | D        | Noticed a rust devil
   801 | D        | Noticed a rust devil
   803 | D        | Noticed a soul eater
   812 | D        | Noticed a rust devil
   815 | D        | HP: 46/104 [orc priest/divine providence (8)]
   819 | D        | HP: 21/104 [soul eater/drain life[an orc high priest] (16)]
   831 | D        | Reached skill level 8 in Invocations
   841 | D        | Reached ****** piety under Makhleb
   841 | D        | Reached skill level 17 in Axes
   891 | D        | HP: 43/104 [spriggan defender/dagger (17)]
   908 | D        | HP: 38/104 [spriggan defender/enchanted dagger (13)]
   914 | D        | Reached skill level 13 in Armour
   914 | D        | Reached skill level 13 in Shields
   921 | D        | HP: 48/104 [spriggan defender/dagger (14)]
   931 | D        | Reached XP level 11. HP: 58/111 MP: 13/13
   943 | D        | HP: 34/111 [spriggan defender/dagger (23)]
   989 | D        | Noticed a sea snake
   998 | D        | a sea snake changed into a floating eye
  1008 | D        | Noticed a purple ugly thing
  1019 | D        | Killed a purple ugly thing
  1020 | D        | Noticed a centaur warrior
  1025 | D        | Killed a centaur warrior
  1025 | D        | Reached skill level 9 in Invocations
  1032 | D        | Noticed a fire dragon
  1038 | D        | HP: 50/111 [fire dragon/blast of flame (20)]
  1047 | D        | Killed a fire dragon
  1061 | D        | Noticed a battleaxe of venom
  1061 | D        | Noticed a short sword of venom
  1061 | D        | Noticed a short sword of holy wrath
  1063 | D        | Noticed a hand axe of freezing
  1065 | D        | Killed a short sword of venom
  1068 | D        | Killed a short sword of holy wrath
  1068 | D        | Reached skill level 10 in Invocations
  1086 | D        | Killed a hand axe of freezing
  1086 | D        | Reached skill level 18 in Axes
  1095 | D        | Killed a battleaxe of venom
  1133 | D        | Noticed a deep troll
  1143 | D        | Noticed a minotaur
  1149 | D        | Killed a minotaur
  1149 | D        | Reached skill level 12 in Fighting
  1149 | D        | Reached skill level 14 in Armour
  1149 | D        | Reached skill level 14 in Shields
  1150 | D        | Noticed a yaktaur captain
  1160 | D        | HP: 56/114 [poisoned by a yaktaur captain]
  1160 | D        | Killed a yaktaur captain
  1160 | D        | Reached skill level 11 in Invocations
  1179 | D        | Noticed a skeletal warrior
  1179 | D        | Noticed a skeletal warrior
  1179 | D        | Noticed a skeletal warrior
  1179 | D        | Noticed a skeletal warrior
  1188 | D        | Killed a skeletal warrior
  1190 | D        | Killed a skeletal warrior
  1193 | D        | Killed a skeletal warrior
  1195 | D        | Killed a skeletal warrior
  1199 | D        | Noticed an ancient lich
  1215 | D        | Killed an ancient lich
  1215 | D        | Reached skill level 13 in Fighting
  1215 | D        | Reached skill level 15 in Armour
  1215 | D        | Reached skill level 15 in Shields
  1215 | D        | Reached skill level 13 in Invocations
  1215 | D        | Reached XP level 12. HP: 78/126 MP: 13/13
  1260 | D        | Noticed a mummy priest
  1260 | D        | Noticed a sphinx
  1260 | D        | Noticed a sphinx
  1266 | D        | HP: 54/126 [??? (50)]
  1266 | D        | Killed a sphinx
  1269 | D        | Killed a sphinx
  1269 | D        | HP: 11/126 [freezing wraith[a mummy priest] (17)]
  1275 | D        | Killed a mummy priest
  1277 | D        | HP: 52/127 [soul eater[a mummy priest's death curse] (5)]
  1292 | D        | Noticed a mummy priest
  1292 | D        | Noticed a mummy priest
  1297 | D        | HP: 59/127 [??? (46)]
  1301 | D        | Killed a mummy priest
  1301 | D        | Reached skill level 14 in Fighting
  1301 | D        | Reached skill level 14 in Invocations
  1304 | D        | Killed a mummy priest
  1312 | D        | Reached skill level 16 in Armour
  1312 | D        | Noticed a reaper
  1319 | D        | HP: 32/127 [reaper/scythe of venom[a guardian mummy's death curse] (37)]
  1419 | D        | Noticed a mummy priest
  1420 | D        | Noticed a mummy priest
  1421 | D        | HP: 61/129 [mummy priest/divine providence (12)]
  1422 | D        | HP: 18/129 [guardian mummy (18)]
  1426 | D        | Noticed a jiangshi
  1427 | D        | HP: 23/129 [sixfirhy[a mummy priest] (4)]
  1436 | D        | Killed a mummy priest
  1437 | D        | HP: 51/129 [flayed ghost/flay_damage[a mummy priest] (13)]
  1441 | D        | Noticed a jiangshi
  1441 | D        | Killed a mummy priest
  1466 | D        | Noticed a mummy priest
  1470 | D        | HP: 58/129 [??? (54)]
  1474 | D        | Killed a mummy priest
  1474 | D        | Reached skill level 15 in Fighting
  1474 | D        | Reached skill level 15 in Invocations
  1506 | D        | Noticed a mummy priest
  1506 | D        | Noticed a mummy priest
  1506 | D        | Noticed a greater mummy
  1506 | D        | Noticed a mummy priest
  1506 | D        | Noticed a greater mummy
  1506 | D        | Noticed a mummy priest
  1506 | D        | HP: 60/130 [??? (55)]
  1507 | D        | Found the +8 demon blade "Bloodbane" {slice, *Rage +Rage Stlth-}
  1569 | D        | Noticed a green death
  1574 | D        | Killed a mummy priest
  1574 | D        | Noticed a reaper
  1579 | D        | HP: 44/132 [??? (38)]
  1580 | D        | HP: 20/132 [reaper/scythe of venom[a mummy priest's death curse] (14)]
  1582 | D        | Noticed an emperor scorpion
  1583 | D        | Noticed an emperor scorpion
  1585 | D        | HP: 36/132 [poisoned by an orange demon]
  1585 | D        | HP: 5/132 [reaper/scythe of venom[a mummy priest's death curse] (31)]
  1585 | D        | Mangled by a greater mummy

Vanquished Creatures
  Harold (D)
  A minotaur (shapeshifter) (D)
  A fire dragon (D)
  4 mummy priests (D)
  Erica (D)
  A centaur warrior (D)
  2 dancing weapons (D)
  3 orc high priests (D)
  A skeletal warrior (D)
  An unseen horror (D)
  An orc knight (D)
  Joseph (D)
  A deep elf mage (D)
  A wandering mushroom (D)
  12 guardian mummies (D)
  A shadow (D)
  A spatial vortex (D)
  A floating eye (shapeshifter) (D)
  3 orc warriors (D)
  A necrophage (D)
  2 centaurs (D)
  An earth elemental (D)
  A water elemental (D)
  A scorpion (D)
  A jelly (D)
  3 orc priests (D)
  A wizard (D)
  4 orc wizards (D)
  Jessica (D)
  A necromancer (D)
  A kobold demonologist (D)
  3 humans (D)
  2 oozes (D)
  7 orcs (D)
  A rat (D)
  A bush (D)
  6 plants (D)
76 creatures vanquished.

Vanquished Creatures (collateral kills)
  An ancient lich (D)
  2 sphinxes (D)
  3 mummy priests (D)
  A yaktaur captain (D)
  A centaur warrior (D)
  2 dancing weapons (D)
  3 skeletal warriors (D)
  An ugly thing (D)
  5 guardian mummies (D)
  4 spriggan defenders (D)
  An orc priest (D)
  A bush (D)
25 creatures vanquished.

Vanquished Creatures (others)
  2 draconian scorchers (D)
  6 hellions (D)
  2 yaktaurs (D)
  3 guardian mummies (D)
  A ball lightning (D)
  2 plants (D)
16 creatures vanquished.

Grand Total: 117 creatures vanquished

Table legend:
 A = Turns spent in this place as a percentage of turns spent in the entire game.
 B = Non-inter-level travel turns spent in this place as a percentage of non-inter-level travel turns spent in the entire game.
 C = Inter-level travel turns spent in this place as a percentage of turns spent in this place.
 D = Turns resting spent in this place as a percentage of non-inter-level travel turns spent in this place.
 E = Turns spent auto-exploring this place as a percentage of non-inter-level travel turns spent in this place.
 F = Non-inter-level travel turns spent in this place divided by the number of levels of this place that you've seen.
                   A       B       C       D       E      F
               +-------+-------+-------+-------+-------+----------------------
         Total | 100.0 | 100.0 |   0.2 |  22.9 |  18.0 | 1582.0
       Dungeon | 100.0 | 100.0 |   0.2 |  22.9 |  18.0 | 1582.0
               +-------+-------+-------+-------+-------+----------------------
